 Dungeon Crawl Stone Soup version 0.14.0-9-g9c5475a (webtiles) character file.

246 Ragg the Charmwright (level 5, -2/34 HPs)
             Began as a High Elf Skald on Apr 13, 2014.
             Killed by nerve-wracking pain
             ... invoked by Grinder
              (10 damage)
             ... on Level 3 of the Dungeon.
             The game lasted 00:13:51 (2640 turns).

Ragg the Charmwright (High Elf Skald)               Turns: 2640, Time: 00:13:52

HP  -2/34        AC  6     Str 11      XL: 5   Next: 20%
MP  12/12        EV  9     Int 16      God:
Gold 83          SH  0     Dex 15      Spells:  2 memorised,  4 levels left

rFire  + . .     SeeInvis .     a - +0,+1 falchion
rCold  . . .     Clarity  .     l - +0 ring mail (curse)
rNeg   . . .     Conserve .     (no shield)
rPois  .         rCorr    .     r - +0 helmet
rElec  .         rRot     .     (no cloak)
SustAb . .       Spirit   .     (no gloves)
rMut   .         Warding  .     (no boots)
Saprov . . .     Stasis   .     (no amulet)
MR     .....                    (no ring)
                                j - ring of protection from fire {unknown}

@: not resistant to hostile enchantments, very unstealthy
A: no striking features
a: no special abilities


You were on level 3 of the Dungeon.
You were not hungry.

You visited 1 branch of the dungeon, and saw 3 of its levels.

You collected 83 gold pieces.

Inventory:

Hand weapons
 a - a +0,+1 falchion (weapon)
Armour
 l - a cursed +0 ring mail (worn)
 r - a +0 helmet (worn)
Comestibles
 d - 4 bread rations
 f - an apple
 i - 2 meat rations
 t - a rambutan
 A - 4 chunks of orc flesh
Scrolls
 b - a scroll of immolation {unknown}
 g - 2 scrolls of remove curse {unknown}
 h - 2 scrolls of teleportation
 k - 3 scrolls of enchant weapon II
 p - 2 scrolls of identify {unknown}
 s - a scroll of enchant weapon I {unknown}
 u - 2 scrolls of fog {unknown}
 v - a scroll of recharging {unknown}
 x - a scroll of fear {unknown}
 y - a scroll of magic mapping {unknown}
Jewellery
 e - an uncursed ring of ice
 j - a ring of protection from fire (left hand) {unknown}
 w - an uncursed ring of teleport control
Potions
 m - a potion of brilliance {unknown}
 n - a potion of curing {unknown}
 o - 2 potions of might {unknown}
 q - a potion of lignification
Books
 c - a book of Battle

   Spells                             Type                      Level
   *Infusion                          Charms                       1
   Shroud of Golubria                 Charms/Translocation         2
   Song of Slaying                    Charms                       2
   *Spectral Weapon                   Hexes/Charms                 3
   Regeneration                       Charms/Necromancy            3


   Skills:
 - Level 2.0 Fighting
 - Level 2.4 Long Blades
 + Level 2.7 Armour
 - Level 1.1 Dodging
 - Level 2.4 Spellcasting
 + Level 2.6 Hexes
 - Level 5.0 Charms


You had 4 spell levels left.
You knew the following spells:

 Your Spells              Type           Power        Failure   Level  Hunger
a - Infusion              Chrm           ###...       4%          1    #......
b - Spectral Weapon       Hex/Chrm       ##......     21%         3    ####...


Dungeon Overview and Level Annotations

Branches:
Dungeon (3/15)

Altars:
Cheibriados
Trog

Annotations:
D:3 Grinder, Natasha


Message History

You resist with significant effort.
A bat comes into view.
The bat barely misses you.
You see here 15 arrows of frost.
You barely miss the bat. The bat hits you but does no damage.
The bat misses you. The bat closely misses you.
You miss the bat. The bat hits you but does no damage.
Natasha comes into view.
Natasha hisses angrily.
The bat barely misses you. The bat hits you but does no damage.
Natasha growls.
You hit the bat.
The bat is heavily wounded.
The bat hits you but does no damage. Grinder gestures at you.
Pain shoots through your body!
* * * LOW HITPOINT WARNING * * *
Grinder gestures at you. Pain shoots through your body!
You die...

#.....# #.#
##5#### #.#
#..# ##'######
####.###
#.......#
#......#
#.......#
#......#
#.......# .
#......#
#.......# .
#..<..5#######
#.......# .
#.........(@.#
#.......# .. +
#......#####h#
#.......# ..
#.#......#
b..+.......#
## #.#......#
####.......#
#...<....#
#.......#
###).....#
#.......#
####..##
####'####
####..###
#...#
#.......#
####'####


You could see Grinder, Natasha and a bat.

Vanquished Creatures
  An orc wizard (D:3)
  Natasha (D:3)
  Jessica (D:3)
  3 adders
  A worm (D:2)
  2 giant geckos (D:1)
  4 orcs (D:3)
  5 bats
  4 giant cockroaches
  4 goblins
  11 hobgoblins
  A giant newt (D:1)
  9 kobolds
  2 quokkas
  5 rats
54 creatures vanquished.

Notes
Turn   | Place    | Note
--------------------------------------------------------------
     0 | D:1      | Ragg, the High Elf Skald, began the quest for the Orb.
     0 | D:1      | Reached XP level 1. HP: 14/14 MP: 4/4
    27 | D:1      | Reached skill level 4 in Charms
   393 | D:1      | Reached XP level 2. HP: 19/19 MP: 6/6
   683 | D:1      | Reached skill level 1 in Armour
   865 | D:2      | Reached skill level 5 in Charms
   865 | D:2      | Reached XP level 3. HP: 12/24 MP: 8/8
  1056 | D:2      | Learned a level 3 spell: Spectral Weapon
  1074 | D:2      | Found a bloodstained altar of Trog.
  1517 | D:2      | Reached skill level 1 in Hexes
  2057 | D:3      | Reached XP level 4. HP: 29/29 MP: 11/11
  2111 | D:3      | Noticed Jessica
  2122 | D:3      | Killed Jessica
  2174 | D:3      | Noticed Grinder
  2303 | D:3      | Noticed Natasha
  2349 | D:3      | Killed Natasha
  2373 | D:3      | Noticed an elephant slug
  2375 | D:3      | Found a snail-covered altar of Cheibriados.
  2472 | D:3      | Noticed an elephant slug
  2472 | D:3      | Noticed an elephant slug
  2504 | D:3      | Reached XP level 5. HP: 3/34 MP: 8/12
  2639 | D:3      | Noticed Natasha
  2640 | D:3      | Killed from afar by Grinder

Action                   |  1- 3 |  4- 6 || total
-------------------------+-------+-------++-------
Melee: Falchion          |   129 |    52 ||   181
 Cast: Spectral Weapon   |     2 |     3 ||     5
       Infusion          |     1 |       ||     1
  Use: Scroll            |       |     2 ||     2
       Potion            |       |     1 ||     1
